 Dungeon Crawl Stone Soup version 0.29.0-4-gdea44cf6ec (webtiles) character file.

Game seed: 849975784307371126

809 qw the Chopper (level 7, 0/54 HPs)
             Began as a Demonspawn Cinder Acolyte on Sept 9, 2022.
             Was an Elder of Ignis.
             Slain by an iguana (5 damage)
             ... on level 5 of the Dungeon.
             The game lasted 00:01:29 (4600 turns).

qw the Chopper (Demonspawn Cinder Acolyte)          Turns: 4600, Time: 00:01:29

Health: 0/54       AC: 20    Str: 16    XL:     7   Next: 61%
Magic:  8/8        EV:  8    Int: 15    God:    Ignis [****..]
Gold:   415        SH:  0    Dex:  9    Spells: 8/8 levels left

rFire   + . .      SeeInvis .   Y - -1 hand axe (flame)
rCold   . . .      Faith    .   (no shield)
rNeg    . . .      Spirit   .   e - +1 plate armour
rPois   +          Reflect  .   b - +0 helmet "Narimer" {rPois rCorr}
rElec   .          Harm     .   (no cloak)
rCorr   +          Rampage  .   (no gloves)
Will    .....                   (no boots)
Stlth   ..........              (no amulet)
HPRegen 2.18/turn               k - +4 ring of evasion
MPRegen 0.11/turn               (no ring)

@: about to teleport, fiery-armoured
A: claws 1, powered by death 1, powered by pain 1, weakness stinger 2, mutation
resistance 1
a: Renounce Religion, Fiery Armour, Foxfire Swarm, Rising Flame


You were on level 5 of the Dungeon.
You worshipped Ignis.
Ignis was greatly pleased with you.
You visited 1 branch of the dungeon, and saw 5 of its levels.

You collected 415 gold pieces.


Innate Abilities, Weirdness & Mutations

You have sharp fingernails.
You regenerate a little health from kills.
You sometimes gain a little power by taking damage.
You have a tail ending in a sharp stinger.
You are somewhat resistant to further mutation.


   Skills:
 - Level 4.3 Fighting
 + Level 6.8 Axes
 - Level 3.3 Armour
 - Level 1.0 Spellcasting
 - Level 2.6 Fire Magic


You had 8 spell levels left.
You didn't know any spells.
Your spell library contained the following spells:

 Spells                   Type           Power      Damage    Failure   Level
 Scorch                   Fire           16%        2d5       100%        2

Inventory:

Hand Weapons
 Y - a -1 hand axe of flaming (weapon)
Armour
 b - the +0 helmet "Narimer" (worn) {rPois rCorr}
   (You acquired it on level 1 of the Dungeon)

   rPois:     It protects you from poison.
   rCorr:     It protects you from acid and corrosion.
 e - a +1 plate armour (worn)
Jewellery
 k - a +4 ring of evasion (left claw)
Scrolls
 a - 3 scrolls of teleportation
 d - a scroll of identify
 f - a scroll of silence {unknown}
 i - 2 scrolls of noise {unknown}
Potions
 c - 3 potions of heal wounds
 g - a potion of might
 h - 2 potions of curing
 l - a potion of degeneration {unknown}

Dungeon Overview and Level Annotations

Branches:
Dungeon (5/15)             Temple (0/1) D:4

Altars:
Ru
Vehumet
Yredelemnul

Shops:
D:4 =


Message History

The gnoll hits you with a +0 whip. The gnoll closely misses you.
The gnoll hits you but does no damage.
You hit the gnoll. You burn the gnoll. You tail-slap the gnoll.
The gnoll is severely wounded.
You hit the gnoll but do no damage. You hit the gnoll. You burn the gnoll.
The gnoll hits you with a +0 whip. The gnoll hits you with a +0 halberd.
The gnoll hits you but does no damage.
You barely miss the gnoll. Your claw misses the gnoll.
The gnoll is severely wounded.
You closely miss the gnoll. You hit the gnoll. You burn the gnoll.
The gnoll hits you with a +0 whip. The gnoll hits you with a +0 halberd.
The gnoll hits you with a +0 club.
4597 ||| INVOKING Fiery Armour.
A protective cloak of flame settles atop you.
The gnoll closely misses you. The gnoll hits you with a +0 halberd!
The gnoll is burned by your cloak of flames.
The gnoll is moderately wounded.
The gnoll hits you but does no damage.
The gnoll is burned by your cloak of flames.
The gnoll is almost dead.
You hit the gnoll. You burn the gnoll.
You kill the gnoll!
You hit the gnoll but do no damage. You closely miss the gnoll.
You hit the gnoll but do no damage. You tail-slap the gnoll.
The gnoll is severely wounded.
You hit the gnoll but do no damage. The gnoll hits you but does no damage.
The gnoll is burned by your cloak of flames.
You kill the gnoll!
The gnoll hits you with a +0 halberd.
The gnoll is burned by your cloak of flames.
The gnoll is severely wounded.
4600 ||| READING 4 scrolls of teleportation.
As you read the scroll of teleportation, it crumbles to dust.
You feel strangely unstable. The gnoll hits you with a +0 halberd!
The gnoll is burned by your cloak of flames.
The gnoll is almost dead.
The iguana bites you.
You die...

####### #......
#...... #.!....
#......
+.....)###+#
#.....g@...##+##
#.....l#........
#...[..#........
########........
#......'...##...
#.....##...# ..
#.....###### .
##'#####
#......#


You could see an iguana and a gnoll.

Vanquished Creatures
  An ice beast (D:5)
  A black bear (D:4)
  A phantom (D:5)
  4 necrophages
  A scorpion (D:4)
  2 hounds (D:5)
  Ijyb (D:4)
  An iguana (D:5)
  An adder (D:2)
  2 gnolls (D:5)
  An ufetubus (D:5)
  2 worms
  5 dart slugs
  9 orcs
  8 ball pythons
  3 bats
  8 endoplasms
  4 giant cockroaches
  5 goblins
  4 hobgoblins
  6 jackals
  3 quokkas
  3 frilled lizards
  7 kobolds
  5 rats
88 creatures vanquished.

Notes
Turn   | Place    | Note
-------+----------+-------------------------------------------
     0 | D:1      | qw the Demonspawn Cinder Acolyte began the quest for the
                  | Orb.
     0 | D:1      | Reached XP level 1. HP: 18/18 MP: 2/2
     0 | D:1      | 0 ||| qw: Version: 0.1-a-113-g051387a
     0 | D:1      | 0 ||| qw: Game counter: 7269
     0 | D:1      | 0 ||| qw: Always use a shield: true
     0 | D:1      | 0 ||| qw: God list: Okawaru
     0 | D:1      | 0 ||| qw: Allow faded altars: false
     0 | D:1      | 0 ||| qw: Do Orc after D:15 true
     0 | D:1      | 0 ||| qw: Do second Lair branch before Depths: true
     0 | D:1      | 0 ||| qw: Lair rune preference: random
     0 | D:1      | 0 ||| qw: Plans: Normal
     0 | D:1      | 0 ||| PLANNING D:1-11
   197 | D:1      | Reached skill level 3 in Axes
   326 | D:1      | Discovered your monstrous ancestry.
   326 | D:1      | Gained mutation: You have a small tail. [demonic ancestry]
   326 | D:1      | Reached XP level 2. HP: 22/24 MP: 3/3
   762 | D:1      | Found a faded altar of an unknown god.
   883 | D:1      | 883 ||| UPGRADING to +0 scale mail.
   893 | D:1      | 893 ||| DROPPING +0 robe.
   894 | D:1      | 894 ||| READING 2 scrolls labelled REUHEA MOUNKIPS.
   897 | D:1      | 897 ||| READING scroll labelled QEILAGGEAXZI.
   898 | D:1      | 898 ||| READING scroll labelled LUCAOF RUEJU.
   899 | D:1      | 899 ||| READING scroll labelled CUSTEC PENAW.
   899 | D:1      | Identified a scroll of acquirement
   899 | D:1      | 899 ||| ACQUIRING +0 helmet "Narimer" {rPois rCorr}
   899 | D:1      | Acquired the +0 helmet "Narimer" {rPois rCorr}
   901 | D:1      | 901 ||| UPGRADING to +0 helmet "Narimer" {rPois rCorr}.
   906 | D:1      | 906 ||| READING scroll labelled RULILIA EGUSO.
   907 | D:1      | 907 ||| DRINKING 2 coppery potions.
   908 | D:1      | 908 ||| DRINKING 2 puce potions.
   909 | D:1      | 909 ||| DROPPING potion of brilliance.
  1064 | D:2      | 1064 ||| INVOKING Fiery Armour.
  1183 | D:2      | 1183 ||| Stepping ~*~*~tactically~*~*~ (stealth).
  1205 | D:2      | Gained mutation: You sometimes gain a little power by
                  | taking damage. [demonic ancestry]
  1205 | D:2      | Reached XP level 3. HP: 17/29 MP: 4/4
  1357 | D:2      | Reached skill level 4 in Axes
  1776 | D:2      | Reached skill level 1 in Armour
  1871 | D:2      | 1871 ||| READING scroll labelled OKONGA HUOKKIMMUI.
  1872 | D:2      | 1872 ||| READING scroll labelled GEOMOAFEPRA.
  1873 | D:2      | 1873 ||| READING scroll labelled FEABLI UMUYSS.
  1874 | D:2      | 1874 ||| READING scroll labelled ROUNYQ BIYPPE.
  1875 | D:2      | 1875 ||| DRINKING 2 yellow potions.
  2537 | D:3      | 2537 ||| Stepping ~*~*~tactically~*~*~ (hiding).
  2591 | D:3      | 2591 ||| INVOKING Fiery Armour.
  2596 | D:3      | Gained mutation: You have sharp fingernails. [demonic
                  | ancestry]
  2596 | D:3      | Reached XP level 4. HP: 35/35 MP: 5/5
  2646 | D:3      | Found a sacrificial altar of Ru.
  2739 | D:3      | 2739 ||| UPGRADING to +0 plate armour.
  2749 | D:3      | 2749 ||| DROPPING +0 scale mail.
  2750 | D:3      | 2750 ||| UPGRADING to +4 ring of evasion.
  2751 | D:3      | 2751 ||| DRINKING 3 viscous brown potions.
  2752 | D:3      | 2752 ||| DRINKING 2 viscous green potions.
  2752 | D:3      | Gained mutation: You occasionally lose the ability to read
                  | scrolls when taking damage. [potion of mutation]
  2753 | D:3      | 2753 ||| DRINKING potion of mutation.
  2753 | D:3      | Lost mutation: You occasionally lose the ability to read
                  | scrolls when taking damage. [potion of mutation]
  2753 | D:3      | Gained mutation: You are somewhat resistant to further
                  | mutation. [potion of mutation]
  2754 | D:3      | 2754 ||| READING 2 scrolls of identify.
  2754 | D:3      | 2754 ||| IDENTIFYING fuming silvery potion
  2755 | D:3      | 2755 ||| DROPPING 2 potions of attraction.
  2802 | D:4      | Noticed a necrophage
  2803 | D:4      | 2803 ||| STAIRDANCE
  2808 | D:4      | 2808 ||| STAIRDANCE
  2823 | D:4      | Killed a necrophage
  2824 | D:4      | Gained mutation: You have a tail ending in a sharp stinger.
                  | [demonic ancestry]
  2824 | D:4      | Reached XP level 5. HP: 37/41 MP: 6/6
  2831 | D:4      | 2831 ||| Stepping ~*~*~tactically~*~*~ (stealth).
  2836 | D:4      | 2836 ||| Stepping ~*~*~tactically~*~*~ (stealth).
  2841 | D:4      | 2841 ||| Stepping ~*~*~tactically~*~*~ (stealth).
  2875 | D:4      | Found Daxzoc's Jewellery Shoppe.
  2889 | D:4      | 2889 ||| SHOPLISTING +4 ring of protection (360 gold, have
                  | 193).
  2889 | D:4      | 2889 ||| SHOPLISTING amulet of regeneration (300 gold, have
                  | 193).
  2889 | D:4      | 2889 ||| SHOPLISTING ring of ice (250 gold, have 193).
  2889 | D:4      | 2889 ||| SHOPLISTING ring of poison resistance (200 gold,
                  | have 193).
  2889 | D:4      | 2889 ||| SHOPLISTING ring of protection from fire (250
                  | gold, have 193).
  2899 | D:4      | Found a radiant altar of Vehumet.
  2960 | D:4      | 2960 ||| INVOKING Fiery Armour.
  3163 | D:4      | Found a staircase to the Ecumenical Temple.
  3268 | D:4      | Found a basalt altar of Yredelemnul.
  3316 | D:4      | Noticed Ijyb
  3317 | D:4      | 3317 ||| Stepping ~*~*~tactically~*~*~ (hiding).
  3337 | D:4      | Killed Ijyb
  3338 | D:4      | Reached skill level 5 in Axes
  3552 | D:4      | 3552 ||| INVOKING Fiery Armour.
  3553 | D:4      | 3553 ||| Stepping ~*~*~tactically~*~*~ (stealth).
  3666 | D:4      | Reached XP level 6. HP: 43/47 MP: 7/7
  3748 | D:4      | 3748 ||| Stepping ~*~*~tactically~*~*~ (stealth).
  3782 | D:4      | Reached skill level 6 in Axes
  4018 | D:4      | Found the +10 morningstar "Eos" {elec, Halo rElec}
  4081 | D:4      | 4081 ||| READING 2 scrolls labelled DEFESUCZUX.
  4082 | D:4      | 4082 ||| DRINKING 2 fuming yellow potions.
  4122 | D:4      | 4122 ||| READING 2 scrolls of identify.
  4122 | D:4      | 4122 ||| IDENTIFYING fizzy red potion
  4123 | D:4      | 4123 ||| DROPPING potion of lignification.
  4124 | D:4      | 4124 ||| DROPPING potion of berserk rage.
  4125 | D:4      | 4125 ||| DROPPING scroll of poison.
  4172 | D:5      | Entered Level 5 of the Dungeon
  4182 | D:5      | Noticed an ice beast
  4188 | D:5      | HP: 7/48 [ice beast (14)]
  4189 | D:5      | 4189 ||| READING 5 scrolls of teleportation.
  4190 | D:5      | 4190 ||| DRINKING 3 potions of heal wounds.
  4361 | D:5      | Gained mutation: You regenerate a little health from kills.
                  | [demonic ancestry]
  4361 | D:5      | Reached XP level 7. HP: 54/54 MP: 8/8
  4385 | D:5      | Reached skill level 3 in Armour
  4533 | D:5      | 4533 ||| READING scroll of enchant armour.
  4533 | D:5      | 4533 ||| ENCHANTING +0 plate armour.
  4597 | D:5      | 4597 ||| INVOKING Fiery Armour.
  4599 | D:5      | HP: 12/54 [gnoll/+0 halberd (6)]
  4600 | D:5      | 4600 ||| READING 4 scrolls of teleportation.
  4600 | D:5      | HP: 5/54 [gnoll/+0 halberd (9)]
  4600 | D:5      | Slain by an iguana

Levels and vault maps discovered:
D:1:      minmay_arrival_diagonal_passages, layout_loops_cross,
          shapermc_ecumenical_altar_notcrosses
D:2:      layout_loops_ring
D:3:      layout_loops_ring, old_standard_altar, minmay_pentangle
D:4:      minmay_razor_zed, layout_cave_pools, nicolae_vehumet_radiance,
          amcnicky_altar_gilded, minmay_temple_entry_wispy,
          nicolae_stop_n_shop_2, uniq_ijyb
D:5:      layout_gridville, lemuel_tele_altar, kennysheep_mini,
          kennysheep_generic_room_2

Skill      XL: |  1  2  3  4  5  6  7 |
---------------+----------------------+-----
Axes           | 3 4 5 6 |  6.8
Armour         | 1 2 3 |  3.3
Fighting       | 4 |  4.3
Spellcasting   | |  1.0
Fire Magic     | |  2.6

Action                   |  1- 3 |  4- 6 |  7- 9 || total
-------------------------+-------+-------+-------++-------
Melee: Hand axe          |   123 |   144 |    35 ||   302
       Tailslap          |     8 |    20 |    11 ||    39
       Punch             |     1 |     2 |       ||     3
Invok: Fiery Armour      |     2 |     2 |     1 ||     5
  Use: Scroll            |     9 |     4 |     2 ||    15
       Potion            |     3 |     5 |       ||     8
Armor: Robe              |     6 |       |       ||     6
       Scale mail        |    40 |     3 |       ||    43
       Plate armour      |       |    65 |    26 ||    91
Dodge: Dodged            |    62 |    64 |    24 ||   150

Table legend:
 A = Non-vault XP
 B = Vault XP
 C = Vault XP percentage of total XP
 D = Non-vault monster count
 E = Vault monster count
 F = Vault count percentage of total count
                 A         B        C        D         E       F
            +---------+---------+-------+---------+---------+-------
      Total |     956 |     200 |  17.3 |      67 |      21 |  23.9
            +---------+---------+-------+---------+---------+-------
        D:1 |      27 |       0 |   0.0 |      15 |       0 |   0.0
        D:2 |      45 |       0 |   0.0 |      18 |       0 |   0.0
        D:3 |      19 |      21 |  52.5 |       8 |      10 |  55.6
        D:4 |     290 |     179 |  38.2 |      15 |      11 |  42.3
        D:5 |     575 |       0 |   0.0 |      11 |       0 |   0.0
            +---------+---------+-------+---------+---------+-------
